 Dungeon Crawl Stone Soup version 0.19-a0-19-gf75ed07 (webtiles) character file.

2007 Mefis the Thaumaturge (level 9, -15/45 HPs)
             Began as a Deep Elf Wizard on Apr 30, 2016.
             Was a Follower of Sif Muna.
             Killed from afar by a gargoyle (23 damage)
             ... with a stone arrow
             ... on level 6 of the Dungeon.
             The game lasted 00:31:13 (8150 turns).

Mefis the Thaumaturge (Deep Elf Wizard)             Turns: 8150, Time: 00:31:14

Health: -15/45     AC:  5    Str:  4    XL:     9   Next: 2%
Magic:  10/32      EV: 14    Int: 27    God:    Sif Muna [*.....]
Gold:   293        SH:  0    Dex: 13    Spells: 6 memorised, 11 levels left

rFire  . . .     SeeInvis .     m - -1 dagger (curse)
rCold  . . .     Gourm    .     a - +0 robe
rNeg   . . .     Faith    .     (no shield)
rPois  .         Spirit   .     b - +0 hat
rElec  .         Dismiss  .     M - +0 cloak
rCorr  .         Reflect  .     i - +0 pair of gloves
SustAt .         Harm     .     D - +0 pair of boots
MR     .....                    (no amulet)
Stlth  ++........               H - ring of loudness (curse)
                                x - ring of magical power

@: repel missiles, not resistant to hostile enchantments, unstealthy
A: no striking features
a: Channel Energy, Renounce Religion


You were on level 6 of the Dungeon.
You worshipped Sif Muna.
Sif Muna was aware of your devotion.
You were near starving.

You visited 2 branches of the dungeon, and saw 7 of its levels.

You collected 293 gold pieces.

Inventory:

Hand Weapons
 m - a cursed -1 dagger (weapon)
 s - a +0 dagger of venom
 t - a cursed -1 dagger
 O - a +3 short sword
 T - a +2 dagger of venom
Missiles
 k - 22 poisoned needles (quivered)
 r - 107 arrows
 y - 20 bolts
 Q - 10 sling bullets
Armour
 a - a +0 robe (worn)
 b - a +0 hat (worn)
 i - a +0 pair of gloves (worn)
 D - a +0 pair of boots (worn)
 M - a +0 cloak (worn)
Jewellery
 x - a ring of magical power (left hand)
 E - an uncursed ring of see invisible
 H - a cursed ring of loudness (right hand)
Wands
 G - a wand of flame (0/48)
 N - a wand of slowing (21/48)
 R - a wand of slowing (9/48)
 W - a wand of acid (7/15)
Scrolls
 e - a scroll of fog {unknown}
 f - 2 scrolls of remove curse {unknown}
 g - a scroll of enchant weapon
 n - a scroll of fear {unknown}
 u - a scroll of magic mapping
 w - 2 scrolls of recharging
 B - 3 scrolls of teleportation
 F - a scroll of immolation
 J - a scroll of identify
 K - a scroll of noise {unknown}
 L - 3 scrolls of enchant armour
 P - a scroll of random uselessness {unknown}
Potions
 h - a potion of resistance {unknown}
 j - a potion of flight {unknown}
 l - 3 potions of curing {unknown}
 p - a potion of ambrosia {unknown}
 q - a potion of haste {unknown}
 A - 2 potions of lignification {unknown}
 I - a potion of agility {unknown}
 S - a potion of mutation {unknown}
 U - a potion of heal wounds {unknown}
Books
 c - a book of Minor Magic

   Spells                             Type                      Level
   a - Magic Dart                     Conjuration                  1
   b - Blink                          Translocation                2
   c - Call Imp                       Summoning                    2
   d - Repel Missiles                 Charms/Air                   2
   e - Slow                           Hexes                        2
   f - Conjure Flame                  Conjuration/Fire             3
   g - Mephitic Cloud                 Conjuration/Poison/Air       3
Comestibles
 d - 3 bread rations
 o - 4 meat rations
 v - 3 slices of pizza
 z - a beef jerky
 C - 2 fruits


   Skills:
 + Level 5.0 Dodging
 + Level 5.1 Stealth
 * Level 8.2 Spellcasting
 + Level 3.9 Conjurations
 + Level 5.0 Charms
 + Level 4.3 Summonings
 + Level 4.1 Translocations
 + Level 3.5 Fire Magic
 + Level 3.7 Poison Magic
 + Level 1.2 Invocations


You had 11 spell levels left.
You knew the following spells:

 Your Spells              Type           Power        Failure   Level  Hunger
a - Magic Dart            Conj           ####         1%          1    None
b - Call Imp              Summ           ####....     1%          2    None
c - Blink                 Tloc           N/A          1%          2    None
d - Repel Missiles        Chrm/Air       ###...       2%          2    None
e - Mephitic Cloud        Conj/Pois/Air  ###.....     6%          3    None
f - Conjure Flame         Conj/Fire      ####....     3%          3    None


Dungeon Overview and Level Annotations

Branches:
Dungeon (6/15)             Temple (1/1) D:4

Altars:
Ashenzari
Cheibriados
Dithmenos
Elyvilon
Fedhas
Gozag
Kikubaaqudgha
Makhleb
Nemelex Xobeh
Okawaru
Qazlal
Ru
Sif Muna
Vehumet
Xom
Yredelemnul
Zin
The Shining One

Shops:
D:4 [

Annotations:
D:2 money
D:5 angel


Message History

Aiming: Magic Dart
Press: ? - help, Shift-Dir - straight line, f/p - gargoyle
Aim: a gargoyle, wielding a mace (heavily damaged)
The magic dart hits the gargoyle.
The gargoyle is heavily damaged.
The gargoyle hurls a stone arrow at you.
The stone arrow hits you!
* * * LOW HITPOINT WARNING * * *
Casting: Magic Dart
Confirm with . or Enter, or press ? or * to list all spells.
You feel protected from missiles.
Casting: Repel Missiles
Confirm with . or Enter, or press ? or * to list all spells.
Aiming: Conjure Flame
Press: ? - help, Dir - move target cursor, p - gargoyle The fire roars!
The gargoyle hurls a stone arrow at you.
The stone arrow hits you!
Ouch! That really hurt!
You die...

.........###.####.##......(....##
.........#.....................<.
.........#............###########
.........#...9........# ######
.........###.####9##### #......
..............ยง...# #######
..........#######.# #
..........#######.#####.# #
................@.......# #
..........#######.#####.# #
..........# #..[ # ..........#
##### # #######.#.# ###.# ####
#.# ..<# #.# ####


You could see a gargoyle.

Vanquished Creatures
  Pikel (D:4)
  A wyvern (D:5)
  Menkaure (D:4)
  A sky beast (D:5)
  2 slaves (D:4)
  3 ogres (D:6)
  A big kobold (D:6)
  A howler monkey (D:3)
  2 hounds
  A jelly (D:6)
  3 orc priests
  2 centaur skeletons (D:6)
  A gnoll shaman (D:6)
  2 orc wizards (D:6)
  An iguana (D:6)
  3 worker ants
  A worker ant zombie (D:6)
  11 gnolls
  4 adders
  A shadow imp (D:5)
  An ooze (D:1)
  An adder skeleton (D:4)
  2 worms
  3 dart slugs
  11 orcs
  8 bats
  6 giant cockroaches
  10 goblins
  4 hobgoblins
  8 jackals
  2 quokkas
  2 ball pythons
  5 giant newts
  11 kobolds
  2 quokka skeletons (D:5)
  10 rats
129 creatures vanquished.

Vanquished Creatures (collateral kills)
  Edmund (D:5)
  A giant frog (D:6)
  A crimson imp (D:3)
  An adder (D:2)
  An ooze (D:3)
  3 worms
  A jackal (D:3)
9 creatures vanquished.

Grand Total: 138 creatures vanquished

Notes
Turn   | Place    | Note
--------------------------------------------------------------
     0 | D:1      | Mefis the Deep Elf Wizard began the quest for the Orb.
     0 | D:1      | Reached XP level 1. HP: 10/10 MP: 7/7
   113 | D:1      | Reached skill level 5 in Spellcasting
   113 | D:1      | Reached XP level 2. HP: 15/15 MP: 5/10
   155 | D:1      | Learned a level 2 spell: Call Imp
   158 | D:1      | Learned a level 2 spell: Blink
   161 | D:1      | Learned a level 2 spell: Repel Missiles
   904 | D:1      | Reached XP level 3. HP: 19/19 MP: 8/11
   909 | D:1      | Learned a level 3 spell: Mephitic Cloud
   947 | D:1      | Reached skill level 1 in Charms
  2570 | D:3      | Reached XP level 4. HP: 20/24 MP: 9/13
  2575 | D:3      | Learned a level 3 spell: Conjure Flame
  2668 | D:3      | Found an opulent altar of Gozag.
  3117 | D:3      | Reached XP level 5. HP: 28/28 MP: 15/15
  3253 | D:3      | Found an iron altar of Okawaru.
  3386 | D:3      | Found a burning altar of Makhleb.
  3410 | D:3      | Found a radiant altar of Vehumet.
  3583 | D:4      | Noticed Pikel
  3583 | D:4      | Noticed a slave
  3587 | D:4      | Noticed a slave
  3589 | D:4      | Noticed a slave
  3589 | D:4      | Noticed a slave
  3617 | D:4      | Killed a slave
  3671 | D:4      | Found a staircase to the Ecumenical Temple.
  3678 | Temple   | Entered the Ecumenical Temple
  3817 | D:4      | Killed Pikel
  3817 | D:4      | Reached skill level 6 in Spellcasting
  3817 | D:4      | Reached XP level 6. HP: 27/32 MP: 17/17
  3817 | D:4      | Reached XP level 7. HP: 30/36 MP: 19/19
  3849 | D:4      | Noticed Menkaure
  3860 | D:4      | Killed Menkaure
  4189 | D:4      | Found a white marble altar of Elyvilon.
  4525 | D:4      | Found a glowing golden altar of the Shining One.
  4525 | D:4      | Found a deep blue altar of Sif Muna.
  4528 | D:4      | Became a worshipper of Sif Muna the Loreminder
  4686 | D:4      | Found Xeegh's Armour Shoppe.
  4706 | D:5      | Entered Level 5 of the Dungeon
  4715 | D:5      | Reached skill level 7 in Spellcasting
  4948 | D:5      | Noticed an angel
  4949 | D:5      | Found a glowing silver altar of Zin.
  4951 | D:5      | Found a shimmering altar of Xom.
  5170 | D:5      | Found a sparkling altar of Nemelex Xobeh.
  5329 | D:5      | Noticed a wyvern
  5345 | D:5      | Killed a wyvern
  5345 | D:5      | Reached XP level 8. HP: 20/41 MP: 13/21
  5350 | D:5      | Noticed Edmund
  5621 | D:5      | Killed Edmund
  5892 | D:5      | Reached * piety under Sif Muna
  6909 | D:6      | Reached skill level 5 in Stealth
  7022 | D:6      | Reached skill level 8 in Spellcasting
  7196 | D:6      | Found a blossoming altar of Fedhas.
  7753 | D:6      | Reached skill level 5 in Dodging
  7913 | D:6      | Reached skill level 1 in Invocations
  7916 | D:6      | Reached skill level 5 in Charms
  7916 | D:6      | Reached XP level 9. HP: 45/45 MP: 18/23
  8072 | D:6      | Noticed a gargoyle
  8150 | D:6      | Killed from afar by a gargoyle

Vault maps used:
D:1:      eino_arrival_druids_welcome
D:2:      minmay_statues_item
D:3:      grunt_temple_overflow_lords_of_destruction, okawaru_altar_gauntlet_db,
          grunt_gozag_statues, first_bread
D:4:      gammafunk_temple_overflow_elements, elyvilon_altar_4,
          minmay_temple_entry_fiery, serial_shops, kennysheep_little_box,
          uniq_pikel, uniq_menkaure
D:5:      grunt_temple_overflow_order_and_chaos_1, lemuel_crystal_altar,
          uniq_edmund
D:6:      old_standard_altar
Temple:   temple_island_7

Skill      XL: |  1  2  3  4  5  6  7  8 |
---------------+-------------------------+-----
Spellcasting   | 5 6 7 8 |  8.2
Charms         | 1 3 5 |  5.0
Summonings     | 2 3 4 |  4.3
Dodging        | 3 4 5 |  5.0
Conjurations   | 2 3 |  3.9
Stealth        | 3 4 5 |  5.1
Translocations | 2 3 4 |  4.1
Fire Magic     | 2 3 |  3.5
Poison Magic   | 2 3 |  3.7
Invocations    | 1 |  1.2

Action                   |  1- 3 |  4- 6 |  7- 9 || total
-------------------------+-------+-------+-------++-------
 Cast: Magic Dart        |   108 |    59 |   274 ||   441
       Repel Missiles    |     1 |     2 |     1 ||     4
       Call Imp          |     5 |     8 |    16 ||    29
       Blink             |     1 |     1 |     1 ||     3
       Mephitic Cloud    |       |     5 |    31 ||    36
       Conjure Flame     |       |       |    15 ||    15
Invok: Channel Energy    |       |       |    11 ||    11
  Use: Scroll            |       |     2 |     4 ||     6
  Eat: Chunk             |     4 |     4 |     9 ||    17
       Bread ration      |       |       |     1 ||     1
Armor: Robe              |     9 |     5 |     2 ||    16
Dodge: Dodged            |    17 |    15 |    45 ||    77
       Deflected         |     1 |     2 |     7 ||    10
